 Dungeon Crawl Stone Soup version 0.31-a0-968-g24f9ace8b5 (webtiles) character file.

Game seed: 14853876153753675565

885 Dirtsage the Ruffian (level 8, -3/54 HPs)
             Began as an Octopode Shapeshifter on Oct 27, 2023.
             Slain by a centaur
             ... wielding a +0 dire flail
              (15 damage)
             ... on level 5 of the Dungeon.
             The game lasted 00:08:06 (3494 turns).

Dirtsage the Ruffian (Octopode Shapeshifter)        Turns: 3494, Time: 00:08:06

Health: -3/54      AC:  1    Str: 14    XL:     8   Next: 5%
Magic:  8/8        EV: 13    Int: 12    God:
Gold:   141        SH:  0    Dex: 13    Spells: 7/7 levels left

rFire   . .          .
                       - Unarmed
rCold   . . .        (no shield)
rNeg    . . .        (helmet currently unavailable)
rPois   .            (no amulet)
rElec   .            (no ring)
rCorr   .            (no ring)
SInv    .            (no ring)
Will    .....        (no ring)
Stlth   ++           (no ring)
HPRegen 0.29/turn    (no ring)
MPRegen 0.11/turn    (no ring)
                     (no ring)

%: no passive effects
@: beast-form
A: beast (slay +3), almost no armour, amphibious, 8 rings, camouflage 1,
gelatinous body 1, (nimble swimmer 1), tentacles
a: Begin Untransformation


You were on level 5 of the Dungeon.
You were a hulking beast.
You visited 1 branch of the dungeon, and saw 6 of its levels.

You collected 210 gold pieces.
You spent 69 gold pieces at shops.

Inventory:

Talismans
 b - a beast talisman
 c - a flux talisman
 e - a talisman of death
 t - a storm talisman
Wands
 j - a wand of flame (17)
 r - a wand of quicksilver (14)
Scrolls
 f - a scroll of summoning {unknown}
 g - a scroll of fear {unknown}
 i - a scroll of identify
 l - 3 scrolls of vulnerability {unknown}
 m - a scroll of enchant armour {unknown}
 n - a scroll of silence {unknown}
Potions
 d - a potion of attraction {unknown}
 h - a potion of brilliance
 k - 2 potions of degeneration {unknown}
 o - a potion of enlightenment {unknown}
 p - a potion of might {unknown}
 q - 3 potions of curing
 s - a potion of mutation {unknown}


   Skills:
 + Level 3.9 Fighting
 - Level 2.0 Dodging
 * Level 6.3 Unarmed Combat
 * Level 5.9 Shapeshifting


You had 7 spell levels left.
You didn't know any spells.
Your spell library contained the following spells:

 Spells                   Type           Power      Damage    Failure   Level
 Sting                    Tmut/Pois      0%         1d3       32%         1
 Poisonous Vapours        Pois/Air       0%         N/A       45%         2
 Olgreb's Toxic Radiance  Pois           0%         N/A       97%         4


Dungeon Overview and Level Annotations

Branches:
Dungeon (6/15)
 Temple: D:4-7

Altars:
Ru
Uskayaw
Vehumet

Shops:
D:2 *

Annotations:
D:4 1 runed translucent door, Crazy Yiuf, Dowan, Duvessa


Innate Abilities, Weirdness & Mutations

You are a hulking beast.
Your limbs bulge with bestial killing power. (Slay +3)
You cannot wear most types of armour.
You are amphibious.
You can wear up to eight rings at the same time.
Your skin changes colour to match your surroundings (Stealth+).
Your rubbery body absorbs attacks. (AC +1, EV +1)
((You are camouflaged when in or above water. (Stealth+)))
You have tentacles for arms and can constrict up to eight enemies at once.


Message History

You take 5 damage, and have 33/54 hp.
You are too injured to fight recklessly!
You are too injured to fight recklessly!
You are too injured to fight recklessly!
You are too injured to fight recklessly!
You are too injured to fight recklessly!
You tentacle-slap the gnoll.
The gnoll is moderately wounded.
You constrict the gnoll.
The gnoll hits you with a +0 vampiric whip.
You take 6 damage, and have 27/54 hp.
You bludgeon the gnoll! You squeeze the gnoll.
You kill the gnoll!
A centaur comes into view. It is wielding a +0 dire flail.
You regained 23 hp, and now have 50/54 hp.
The centaur unwields a +0 dire flail.
The centaur wields a +0 shortbow.
The centaur shoots an arrow.
The arrow hits you!
You take 9 damage, and have 42/54 hp.
The centaur shoots an arrow.
The arrow hits you!
You take 11 damage, and have 31/54 hp.
MASSIVE DAMAGE!!
The centaur shoots an arrow.
The arrow hits you.
The centaur shoots an arrow.
The arrow closely misses you.
You take 3 damage, and have 28/54 hp.
The centaur shoots an arrow.
The arrow barely misses you.
The centaur unwields a +0 shortbow.
The centaur wields a +0 dire flail.
The centaur closely misses you. The centaur misses you.
The centaur barely misses you. x2
You completely miss the centaur. The centaur barely misses you.
The centaur kicks you.
You take 1 damage, and have 27/54 hp.
You bludgeon the centaur! Your squeeze misses the centaur.
The centaur is heavily wounded.
The centaur hits you with a +0 dire flail!
* * * LOW HITPOINT WARNING * * *
The centaur closely misses you.
You take 15 damage, and have 12/54 hp.
MASSIVE DAMAGE!!
You barely miss the centaur.
The centaur is heavily wounded.
The centaur hits you with a +0 dire flail!
You die...

#############
#.........>)########
#.......##.)........
#.......##.#........# #
#.......##.#.)...... .#
#.......##h#.#####.##.###
#.[.......c..#####.......
##########.##)..........
#..[..##.........#
#.....##.........#
#.....##.........# #
#.....#..........# .
#.....###.##.....# #
#.....##..###....##.##


You could see a centaur.

Vanquished Creatures
  A shadow (D:5)
  An ice beast (D:5)
  A black bear (D:5)
  An ogre (D:5)
  A bullfrog (D:5)
  A hound (D:5)
  Natasha (twice) (D:4)
  An orc wizard (D:5)
  3 iguanas
  Robin (D:4)
  4 gnolls
  5 adders
  A white imp (D:5)
  4 worms
  5 dart slugs
  9 orcs
  4 endoplasms
  6 giant cockroaches
  14 goblins
  10 hobgoblins
  3 jackals (D:4)
  4 ball pythons
  6 bats
  3 frilled lizards
  7 kobolds
  3 rats
101 creatures vanquished.

Notes
Turn   | Place    | Note
-------+----------+-------------------------------------------
     0 | D:1      | Dirtsage the Octopode Shapeshifter began the quest for the
                  | Orb.
     0 | D:1      | Reached XP level 1. HP: 13/13 MP: 1/1
    35 | D:1      | Found a faded altar of an unknown god.
   126 | D:1      | Reached XP level 2. HP: 15/18 MP: 2/2
   518 | D:2      | Reached XP level 3. HP: 14/23 MP: 3/3
   557 | D:2      | Identified the +1 robe of Sloth {rPois SInv}
   912 | D:2      | Found Diusicwo's Assorted Antiques.
   921 | D:2      | Bought a scroll of identify for 46 gold pieces
   921 | D:2      | Bought a scroll labelled GEVAPR DESHRYI for 23 gold pieces
  1177 | D:3      | Reached XP level 4. HP: 28/29 MP: 4/4
  1627 | D:3      | Reached skill level 4 in Unarmed Combat
  1741 | D:3      | Identified the +6 mace "Spiderslayer" {flame, Will+}
  1918 | D:3      | Found a sacrificial altar of Ru.
  1919 | D:3      | Found a radiant altar of Vehumet.
  2033 | D:4      | Found a hide-covered altar of Uskayaw.
  2155 | D:4      | Reached XP level 5. HP: 34/34 MP: 5/5
  2171 | D:4      | Noticed Natasha
  2248 | D:4      | Killed Natasha
  2460 | D:4      | Noticed Robin
  2466 | D:4      | Killed Robin
  2491 | D:4      | Reached XP level 6. HP: 32/41 MP: 6/6
  2496 | D:4      | Noticed Natasha
  2503 | D:4      | Killed Natasha
  2865 | D:4      | Found a runed translucent door.
  2865 | D:4      | Noticed Duvessa
  2866 | D:4      | Noticed Crazy Yiuf
  2866 | D:4      | Noticed Dowan
  2897 | D:5      | Entered Level 5 of the Dungeon
  2982 | D:5      | Reached skill level 5 in Unarmed Combat
  3033 | D:5      | Noticed an ice beast
  3044 | D:5      | Killed an ice beast
  3045 | D:5      | Reached skill level 5 in Shapeshifting
  3045 | D:5      | Reached XP level 7. HP: 46/46 MP: 7/7
  3188 | D:5      | Noticed a wraith
  3210 | D:5      | Noticed a shadow
  3226 | D:5      | Killed a shadow
  3227 | D:5      | Reached skill level 6 in Unarmed Combat
  3227 | D:5      | Reached XP level 8. HP: 54/54 MP: 8/8
  3494 | D:5      | Slain by a centaur

Illustrated notes

Levels and vault maps discovered:
D:1:      minmay_arrival_shattered_statue, layout_basic,
          ebering_ecumenical_altar_webs, kennysheep_small_spiral
D:2:      layout_basic, serial_shops, shop, minmay_cupped
D:3:      minmay_octagon_keep, layout_basic, gammafunk_temple_overflow_pools
D:4:      layout_loops_ring, lemuel_tele_altar, nicolae_houndstooth_variations,
          uniq_crazy_yiuf_cottage, uniq_duvessa, uniq_natasha, uniq_robin
D:5:      layout_basic, marbit_many_paths, minivault_26,
          minmay_manual_monstrance, uniq_prince_ribbit1
D:6:      layout_basic, tso_altar, minmay_temple_entry_statues_fountains,
          uniq_blork_the_orc

Skill      XL: |  1  2  3  4  5  6  7 |
---------------+----------------------+-----
Unarmed Combat | 4 5 6 |  6.3
Fighting       | 2 3 |  3.9
Shapeshifting  | 4 5 |  5.9
Dodging        | |  2.0

Action                     |  1- 3 |  4- 6 |  7- 9 || total
---------------------------+-------+-------+-------++-------
  Melee: Unarmed           |    65 |   113 |    41 ||   219
         Constrict         |    17 |    32 |     8 ||    57
         Tentacles         |    11 |    25 |     9 ||    45
         Punch             |     1 |     4 |       ||     5
  Evoke: Wand              |       |     3 |     3 ||     6
    Use: Scroll            |     2 |       |       ||     2
         Potion            |       |     1 |     1 ||     2
   Stab: Sleeping          |     4 |     6 |       ||    10
 Armour: Skin              |    22 |    32 |    27 ||    81
  Dodge: Dodged            |    46 |    55 |    34 ||   135

Table legend: (Time is in decaauts)
 A = Elapsed time spent in this place.
 B = Non-inter-level travel time spent in this place.
 C = Inter-level travel time spent in this place.
 D = Time resting spent in this place.
 E = Time spent auto-exploring this place.
 F = Levels seen in this place.
 G = Mean time per level.
                   A        B        C        D        E       F      G
               +--------+--------+--------+--------+--------+-----+--------+
         Total |   3475 |   3358 |    117 |     91 |   2607 |   6 |  579.2 |
       Dungeon |   3475 |   3358 |    117 |     91 |   2607 |   6 |  579.2 |
               +--------+--------+--------+--------+--------+-----+--------+

Top non-repeatable levels by time:
     D:3: 876 daAuts
     D:4: 840 daAuts
     D:2: 663 daAuts
     D:5: 508 daAuts
     D:1: 504 daAuts
     D:6: 81 daAuts
